 Dungeon Crawl Stone Soup version 0.23.2-1-ga50397a6bc (webtiles) character file.

Game seed: 2955852448811002540

193 MTandi the Chiller (level 5, -1/35 HPs)
             Began as a Merfolk Ice Elementalist on May 29, 2019.
             Killed by nerve-wracking pain
             ... invoked by Grinder
              (4 damage)
             ... on level 3 of the Dungeon.
             The game lasted 00:13:33 (2930 turns).

MTandi the Chiller (Merfolk Ice Elementalist)       Turns: 2930, Time: 00:13:34

Health: -1/35      AC:  4    Str:  9    XL:     5   Next: 72%
Magic:  1/8        EV: 13    Int: 15    God:
Gold:   173        SH:  0    Dex: 14    Spells: 2/8 levels left

rFire    x . .     SeeInvis .   h - +0 dagger
rCold    + . .     Gourm    .   (no shield)
rNeg     . . .     Faith    .   k - +1 robe
rPois    .         Spirit   .   (no helmet)
rElec    .         Reflect  .   q - +0 cloak
rCorr    .         Harm     .   (no gloves)
MR       .....                  (no boots)
Stlth    ++........             (no amulet)
HPRegen  0.11/turn              d - ring of ice
MPRegen  0.11/turn              (no ring)

@: very slightly contaminated
A: change form in water, swift swim, stealthy swim
a: no special abilities


You were on level 3 of the Dungeon.
You were not hungry.

You visited 1 branch of the dungeon, and saw 4 of its levels.

You collected 173 gold pieces.

Inventory:

Hand Weapons
 h - a +0 dagger (weapon)
 m - a +0 hunting sling
Armour
 a - a +0 robe
 g - a +0 robe
 k - a +1 robe (worn)
 q - a +0 cloak (worn)
Jewellery
 d - a ring of ice (left hand)
Wands
 s - a wand of paralysis (3)
Scrolls
 j - 2 scrolls of teleportation
 l - a scroll of enchant weapon {unknown}
 o - a scroll of remove curse
 p - a scroll of amnesia
Potions
 b - 2 potions of heal wounds
 e - a potion of cancellation {unknown}
 f - a potion of agility {unknown}
 i - 3 potions of mutation {unknown}
 n - a potion of flight {unknown}
Comestibles
 c - 7 rations
 r - 2 chunks of flesh


   Skills:
 - Level 2.6 Dodging
 - Level 2.1 Stealth
 - Level 2.0 Spellcasting
 - Level 0.7 Conjurations
 + Level 6.8 Ice Magic


You had 2 spell levels left.
You knew the following spells:

 Your Spells              Type           Power        Failure   Level  Hunger
a - Freeze                Ice            ####         1%          1    #......
b - Throw Frost           Conj/Ice       ###...       7%          2    ###....
c - Ozocubu's Armour      Chrm/Ice       ###.....     16%         3    ###....

Your spell library contained the following spells:

 Spells                   Type           Power        Failure   Level  Hunger
 Throw Icicle             Conj/Ice       ###.....     43%         4    #####..
 Summon Ice Beast         Ice/Summ       ###.....     47%         4    #####..


Dungeon Overview and Level Annotations

Branches:
Dungeon (4/15)
 Temple: D:4-7

Altars:
Qazlal

Annotations:
D:3 Grinder


Message History

Grinder drinks a potion.
Grinder is healed!
Grinder gestures at you.
You shrug off the repeated paralysis!
You can move again.
Evoke which item? (* to show all) (? for menu, Esc to quit)
Aiming: Paralyse
Press: ? - help, Shift-Dir - straight line, f/p - Grinder
Aim: Grinder (moderately wounded, chance to defeat MR: 46%) Grinder resists with some effort.
Grinder hits you.
* * * LOW HITPOINT WARNING * * *
You writhe in agony.
* * * LOW HITPOINT WARNING * * *
Evoke which item? (* to show all) (? for menu, Esc to quit)
Aiming: Paralyse
Press: ? - help, Shift-Dir - straight line, f/p - Grinder
Aim: Grinder (moderately wounded, chance to defeat MR: 46%) Grinder resists with some effort.
Grinder gestures at you. Pain shoots through your body!
You die...

######## #.....@#
##### #.####5##
#...#####.......#
#.....5)ยง...##..#
#...#####.......#
##.## #..>#....
#.# ........## #.#
##...###.# #.#
##.## .#


You could see Grinder.

Vanquished Creatures
  A crimson imp (D:2)
  An orc wizard (D:3)
  An orc priest (D:3)
  3 adders
  2 worms
  A dart slug (D:1)
  2 leopard geckos
  2 orcs (D:3)
  3 giant cockroaches
  11 goblins
  7 hobgoblins
  3 jackals (D:1)
  6 bats
  3 frilled lizards
  6 kobolds
  11 rats
63 creatures vanquished.

Vanquished Creatures (others)
  An orc wizard (D:3)
  An orc (D:3)
2 creatures vanquished.

Grand Total: 65 creatures vanquished

Notes
Turn   | Place    | Note
-------+----------+-------------------------------------------
     0 | D:1      | MTandi the Merfolk Ice Elementalist began the quest for the
                  | Orb.
     0 | D:1      | Reached XP level 1. HP: 13/13 MP: 3/3
   274 | D:1      | Reached XP level 2. HP: 18/19 MP: 3/5
   330 | D:1      | Reached skill level 4 in Ice Magic
   724 | D:1      | Reached XP level 3. HP: 20/24 MP: 3/6
  1283 | D:2      | Learned a level 2 spell: Throw Frost
  1287 | D:2      | Learned a level 3 spell: Ozocubu's Armour
  1288 | D:2      | You fall through a shaft for 2 floors!
  1478 | D:2      | Reached skill level 5 in Ice Magic
  1506 | D:2      | Reached XP level 4. HP: 15/30 MP: 0/7
  1983 | D:2      | Found a faded altar of an unknown god.
  2157 | D:3      | Reached skill level 6 in Ice Magic
  2157 | D:3      | Reached XP level 5. HP: 35/35 MP: 4/8
  2491 | D:3      | Found a stormy altar of Qazlal.
  2857 | D:3      | Noticed Grinder
  2926 | D:3      | Paralysed by Grinder for 3 turns
  2930 | D:3      | Killed from afar by Grinder

Skill      XL: |  1  2  3  4 |
---------------+-------------+-----
Ice Magic      | 4 5 6 |  6.8
Dodging        | |  2.6
Stealth        | |  2.1
Spellcasting   | |  2.0
Conjurations   | |  0.7

Action                   |  1- 3 |  4- 6 || total
-------------------------+-------+-------++-------
Melee: Dagger            |    71 |    84 ||   155
       Unarmed           |     2 |       ||     2
 Cast: Freeze            |    37 |    29 ||    66
       Throw Frost       |     5 |       ||     5
Evoke: Wand              |       |     7 ||     7
  Use: Scroll            |     3 |     2 ||     5
 Stab: Sleeping          |     2 |     4 ||     6
       Paralysed         |       |     3 ||     3
  Eat: Chunk             |     3 |     5 ||     8
Armor: Robe              |    20 |    23 ||    43
Dodge: Dodged            |    80 |    72 ||   152
